Description

asasda

Build Order

Get SALT Encoding   

  12  0:01  Drone  
  13  0:12  Overlord  
  13  0:17  Drone  
  14  0:30  Drone x3  
  17  0:48  Spawning Pool  
  17  0:49  Drone  
  17  0:57  Drone  
  18  1:15  Hatchery  
  18  1:16  Extractor  
  16  1:19  Drone x2  
  18  1:28  Drone  
  19  1:36  Queen  
  22  1:51  Overlord  
  22  1:58  Roach Warren  
  22  2:11  Queen  
  26  2:28  Queen  
  29  2:36  Overlord  
  33  2:54  Overlord  
  35  3:07  Lair  
  45  3:36  Overlord  
  45  3:42  Extractor x3  
  45  3:45  Roach x2  
  54  4:07  Spire  
  53  4:15  Glial Reconstitution  
  56  4:26  Evolution Chamber x2, Spore Crawler x2  
  56  4:41  Roach  
  58  4:56  Zerg Missile Weapons Level 1  
  58  4:57  Zerg Ground Armor Level 1  
  58  5:03  Roach x2  
  62  5:09  Roach x3  
  68  5:19  Corruptor x2  
  72  5:33  Roach x2  
  72  5:34  Hatchery  
  89  6:04  Ravager x5  
Spawning Tool Build Advisor. Get it on Overwolf

Go to:

Details

  • Created by: huskaemaciyape
  • Published on: Dec 10, 2020
  • Modified on: Dec 10, 2020
  • Patch: 4.11.0
  • Difficulty: Medium
Show
View Real Time Build Order
Export as new Build Order

Comments (0)

There are no comments. Be the first!

Create an account to comment!